[Event "Late-Titled-Tuesday-Blitz-September-12-2023"]
[Site "Chess.com"]
[Date "2023.09.12"]
[Round "10"]
[White "TatjanaVasilevich"]
[Black "DvaHrasta"]
[Result "1-0"]
[WhiteElo "2602"]
[BlackElo "2470"]
[TimeControl "180+1"]
[EndTime "15:49:32 PDT"]
[Termination "TatjanaVasilevich won on time"]

1. e4 c6 2. d4 d5 3. e5 c5 4. dxc5 e6 5. b4 a5 6. c3 f6 7. Nf3 Nc6 8. Bb5 Bd7 9. Bxc6 Bxc6 10. O-O b6 11. Re1 f5 12. Nd4 Qd7 13. b5 Bxb5 14. cxb6 Bc5 15. Ba3 Bxa3 16. Nxa3 Ba6 17. Rb1 Ne7 18.
Nab5 Bxb5 19. Rxb5 O-O 20. b7 Rab8 21. Qb3 Nc6 22.
Rb6 Nxd4 23. cxd4 f4 24. Qb5 Qf7 25. f3 g5 26. Rc1 g4 27. fxg4 f3 28. Rf1 f2+ 29. Kh1 Qg6 30. Qe2 Qf7 31. Qb2 Qg6 32. Rxf2 Rxf2 33. Qxf2 Qxg4 34. Qg3 Qxg3 35. hxg3 Kf7 36.
Kg1 Ke7 37. Kf2 Kd7 38. a4 Rf8+ 39. Ke3 Kc7 40. b8=Q+ Rxb8 41. Rxb8 Kxb8 42. Kf4 Kc7 43. Kg5 Kd7 44. Kh6 Ke7 45. Kxh7 1-0

[Event "Late-Titled-Tuesday-Blitz-September-12-2023"]
[Site "Chess.com"]
[Date "2023.09.12"]
[Round "10"]
[White "Njal28"]
[Black "h4parah5"]
[Result "1-0"]
[WhiteElo "3111"]
[BlackElo "2955"]
[TimeControl "180+1"]
[EndTime "15:49:36 PDT"]
[Termination "Njal28 won by resignation"]

1. d4 Nf6 2. c4 e6 3. Nc3 d5 4. e3 b6 5. cxd5 exd5 6. Bd3 Bd6 7. Nge2 O-O 8. O-O Re8 9. Bd2 Ba6 10. Bxa6 Nxa6 11.
Ng3 c6 12. Qa4 Nb8 13. Rac1 a5 14. Rfe1 Ra7 15. Qc2 Bf8 16. e4 dxe4 17. Ncxe4 Nxe4 18. Nxe4 h6 19. Re3 Rd7 20. Rce1 Re6 21. Bc3 Na6 22. Ng3 Rxe3 23. fxe3 Nb4 24. Bxb4 Bxb4 25. Rf1 Rc7 26. Nf5 Bf8 27. Qf2 c5 28. Qg3 g6 29. h3 Kh7 30.
Nh4 cxd4 31. Rxf7+ Rxf7 32. Qxg6+ Kh8 33. Qxf7 Qxh4 34.
Qxf8+ Kh7 35. Qf7+ Kh8 36. Qe8+ Kg7 37. Qd7+ Kg6 38. Qe6+ Kg7 39. Qe5+ Kf7 40. exd4 a4 41. Qc7+ Ke6 42. Qxb6+ Kd5 43. Qb5+ Ke4 44. Qc6+ Kd3 45.
Qc3+ Ke2 46. Qc2+ Ke1 47. Qc3+ Ke2 48. Qf3+ Ke1 49. Qf1+ Kd2 50. Qf2+ 1-0

[Event "Late-Titled-Tuesday-Blitz-September-12-2023"]
[Site "Chess.com"]
[Date "2023.09.12"]
[Round "10"]
[White "jcibarra"]
[Black "BrandonJacobson"]
[Result "1-0"]
[WhiteElo "2954"]
[BlackElo "3032"]
[TimeControl "180+1"]
[EndTime "15:49:36 PDT"]
[Termination "jcibarra won on time"]

1. e4 c5 2. Nf3 d6 3. c3 Nf6 4. h3 Nc6 5. Bd3 e5 6. Bc2 d5 7. exd5 Qxd5 8. d3 Be6 9. O-O h6 10.
Na3 O-O-O 11. Bb3 Qd7 12. Bxe6 Qxe6 13. Qe2 Bd6 14. Nc4 Bc7 15. Be3 Nd5 16. Rfe1 Rhe8 17. a4 f5 18. Qc2 Nxe3 19. Rxe3 e4 20. Rae1 Bf4 21. R3e2 Qg8 22. Nfd2 exd3 23. Qxd3 Bxd2 24. Rxe8 Rxe8 25. Rxe8+ 1-0

[Event "Late-Titled-Tuesday-Blitz-September-12-2023"]
[Site "Chess.com"]
[Date "2023.09.12"]
[Round "10"]
[White "ahkashefi2800"]
[Black "temus_galaktionov"]
[Result "0-1"]
[WhiteElo "2619"]
[BlackElo "2823"]
[TimeControl "180+1"]
[EndTime "15:49:36 PDT"]
[Termination "temus_galaktionov won by resignation"]

1. d4 c6 2. Nf3 g6 3. g3 Bg7 4. Bg2 d6 5. O-O Nd7 6. b3 Ngf6 7. Bb2 O-O 8. Nbd2 Qc7 9. c4 e5 10. dxe5 dxe5 11. Qc2 Re8 12. Ng5 Nc5 13. b4 Ne6 14. Nge4 Nxe4 15. Nxe4 f5 16. Nd2 Nd4 17. Qd1 e4 18. Nxe4 Rd8 19. Nd2 Nf3+ 20. Bxf3 Bxb2 21. Qc2 Bxa1 22. Rxa1 Qe5 23. Rb1 f4 24. Qb2 Qxb2 25.
Rxb2 fxg3 26. fxg3 Be6 27. b5 cxb5 28. cxb5 Rab8 29.
Kf2 b6 30. Ne4 Rbc8 31. Nf6+ Kg7 32. Ne4 Rc4 33. Ng5 Bg8 34. h4 Rd7 35. Bc6 Re7 36.
Rd2 Ra4 37. Bf3 Rxa2 38. Rd8 Bc4 39. Ne4 Bxb5 40. Nd6 Bxe2 41. Ne8+ Kh6 42. Nf6 Bxf3+ 43. Kxf3 Rf7 44. Rd6 Kg7 45. h5 Rxf6+ 46. Rxf6 Kxf6 47. Kg4 Ra4+ 48. Kh3 gxh5 49. g4 Rxg4 50. Kh2 b5 51. Kh1 b4 0-1

[Event "Late-Titled-Tuesday-Blitz-September-12-2023"]
[Site "Chess.com"]
[Date "2023.09.12"]
[Round "10"]
[White "cthulhuuu"]
[Black "RCone"]
[Result "0-1"]
[WhiteElo "2448"]
[BlackElo "2336"]
[TimeControl "180+1"]
[EndTime "15:49:36 PDT"]
[Termination "RCone won by checkmate"]

1. e4 d6 2. d4 Nf6 3. Nc3 g6 4.
f4 Bg7 5. Nf3 c5 6. e5 Nfd7 7.
Bb5 O-O 8. Be3 cxd4 9. Bxd4 dxe5 10. Nxe5 Nxe5 11. Bxe5 Bxe5 12. Qxd8 Bxc3+ 13. bxc3 Rxd8 14. h4 Bg4 15. Bd3 Nd7 16. O-O Nc5 17. Bc4 e6 18. a4 Rd2 19. Rfc1 Rc8 20. a5 Ne4 21. Bd3 Nxc3 22. Ra3 Rxd3 23. cxd3 Ne2+ 24. Kf2 Nxc1 25.
h5 gxh5 26. Ke3 Bf5 27. Kd4 Nxd3 28. Rb3 Rc7 29. a6 bxa6 30. g3 Kg7 31. Ra3 Rc6 32. Rb3 Kf6 33. Rb8 a5 34. Ra8 Ra6 35. Rb8 a4 36.
Ke3 a3 37. g4 hxg4 38. Rc8 a2 39. Rc2 a1=Q 40. Rh2 Qg1+ 41. Rf2 Qxf2# 0-1

[Event "Late-Titled-Tuesday-Blitz-September-12-2023"]
[Site "Chess.com"]
[Date "2023.09.12"]
[Round "10"]
[White "Ducke13"]
[Black "Mikasinski"]
[Result "0-1"]
[WhiteElo "2506"]
[BlackElo "2669"]
[TimeControl "180+1"]
[EndTime "15:49:37 PDT"]
[Termination "Mikasinski won by checkmate"]

1. d4 Nf6 2. g3 g6 3. Bg2 Bg7 4.
e4 O-O 5. Ne2 d6 6. O-O e5 7.
Nbc3 c5 8. dxc5 dxc5 9. Bg5 Qxd1 10. Raxd1 Nc6 11. Nd5 Nxd5 12. exd5 Nd4 13. Nxd4 exd4 14.
Be7 Re8 15. Bxc5 Bf5 16. Bxd4 Bxc2 17. Rd2 Bxd4 18. Rxd4 Bf5 19. d6 Rad8 20. Bxb7 Re2 21. Rfd1 Rxb2 22. Bd5 Kg7 23. Bb3 a5 24. h4 h5 25.
R4d2 Rxd2 26. Rxd2 Kf6 27. f4 Be6 28. Ba4 Bd7 29. Bd1 Bc6 30. Kf2 a4 31. Ke3 Ke6 32. Be2 Bd5 33. Bb5 a3 34. d7 Rb8 35.
Kd4 Kd6 36. Bc4 Bc6 37. Kc3+ Kc7 38. d8=Q+ Rxd8 39. Rxd8 Kxd8 40. Bxf7 Be4 41. Kb3 Ke7 42. Bc4 Kd6 43. Kxa3 Kc5 44. Kb3 Kd4 45. a4 Ke3 46. Kb4 Kf2 47. a5 Bb7 48. Bd5 Bxd5 49. Kc5 Ba8 50.
Kd6 Kxg3 51. Ke5 Kxh4 52. f5 gxf5 53. Kxf5 Kg3 54. Kg5 h4 55. a6 h3 56. a7 h2 57.
Kf6 h1=Q 58. Ke7 Qb7+ 59. Kd8 Qxa7 60. Kc8 Bc6 61. Kd8 Qd7# 0-1

[Event "Late-Titled-Tuesday-Blitz-September-12-2023"]
[Site "Chess.com"]
[Date "2023.09.12"]
[Round "10"]
[White "ckgchess"]
[Black "HansOnTwitch"]
[Result "0-1"]
[WhiteElo "2893"]
[BlackElo "3076"]
[TimeControl "180+1"]
[EndTime "15:49:39 PDT"]
[Termination "HansOnTwitch won by resignation"]

1. e4 c5 2. c3 Nf6 3. e5 Nd5 4. d4 cxd4 5. Bc4 Nb6 6. Bb3 Nc6 7. Nf3 d5 8. exd6 Qxd6 9. O-O g6 10. Ng5 e6 11.
Ne4 Qd8 12. Bg5 Be7 13. Bh6 f5 14. Ned2 d3 15. Re1 e5 16. Bg7 Bf6 17. Bxh8 Bxh8 18. Na3 Kf8 19. Nac4 Bf6 20. Nxb6 axb6 21. Qf3 e4 22.
Nxe4 fxe4 23. Rxe4 Bf5 24. Rf4 Qd7 25. Rd1 Kg7 26.
Ba4 Rd8 27. g4 Ne5 28. Qg3 b5 29. gxf5 bxa4 30. fxg6 hxg6 31. Rd4 Qc8 32. Rxd8 Qxd8 33. f4 Nc4 34. Rxd3 Qb6+ 35. Kg2 Qxb2+ 36. Kh3 Qb5 37. Qg4 Ne5 0-1

[Event "Late-Titled-Tuesday-Blitz-September-12-2023"]
[Site "Chess.com"]
[Date "2023.09.12"]
[Round "10"]
[White "jaskol95"]
[Black "Athanasios2"]
[Result "1-0"]
[WhiteElo "2556"]
[BlackElo "2690"]
[TimeControl "180+1"]
[EndTime "15:49:39 PDT"]
[Termination "jaskol95 won by resignation"]

1. e4 c5 2. Nf3 d6 3. Bb5+ Bd7 4. a4 Nf6 5. Nc3 g6 6. d3 Bg7 7. O-O O-O 8. h3 Nc6 9. Re1 a6 10. Bc4 e6 11. Bf4 Qe7 12. e5 dxe5 13. Nxe5 Nxe5 14.
Bxe5 Bc6 15. Qd2 Nd7 16. Bxg7 Kxg7 17. Qf4 Qf6 18. Qd6 Rfd8 19. a5 Rac8 20. Qg3 Nf8 21.
Rab1 Rd4 22. Ne2 Rdd8 23. Nc3 h5 24. Ne4 Bxe4 25. Rxe4 Rd4 26. Rxd4 cxd4 27. Re1 Rc6 28. Re4 Nd7 29. b4 e5 30. f4 h4 31. Qf2 b5 32.
Bb3 Qd6 33. fxe5 Nxe5 34. Rxd4 Qf6 35. Rf4 Qe7 36. Qxh4 g5 37. Qg3 Ng6 38. Rxf7+ Qxf7 39. Bxf7 Kxf7 40. Qf3+ 1-0

[Event "Late-Titled-Tuesday-Blitz-September-12-2023"]
[Site "Chess.com"]
[Date "2023.09.12"]
[Round "10"]
[White "HrvojeZagreb"]
[Black "Chaos_Magic"]
[Result "0-1"]
[WhiteElo "2293"]
[BlackElo "2407"]
[TimeControl "180+1"]
[EndTime "15:49:39 PDT"]
[Termination "Chaos_Magic won by checkmate"]

1. f4 d5 2. b3 Nf6 3. Bb2 g6 4. Nf3 Bg7 5. e3 c5 6. Be2 Nc6 7. O-O O-O 8. d3 b6 9. Ne5 Bb7 10. Bf3 Rc8 11. a4 d4 12. Nxc6 Bxc6 13. Bxc6 Rxc6 14.
e4 Qc8 15. Na3 Ng4 16. Bc1 Ne3 17. Bxe3 dxe3 18. Ra2 Bd4 19. Qe2 e5 20. f5 gxf5 21. Rxf5 Rg6 22. Nb1 c4 23. bxc4 Qe6 24. c3 Bc5 25. Na3 Rf6 26. Rxf6 Qxf6 27. Nc2 Qf4 28. d4 exd4 29. cxd4 Bd6 30. e5 Be7 31. Qxe3 Qf5 32. Ne1 Bg5 33. Qg3 Kh8 34. Rf2 Qe4 35. Qxg5 Qxe1+ 36. Rf1 Qe2 37. Qf6+ Kg8 38. h3 h6 39. Rf4 Qe3+ 40. Kh2 Kh7 41. Qf5+ Kh8 42. e6 Rg8 43. exf7 Qg3+ 44. Kh1 Qxg2# 0-1

[Event "Late-Titled-Tuesday-Blitz-September-12-2023"]
[Site "Chess.com"]
[Date "2023.09.12"]
[Round "10"]
[White "Bigfish1995"]
[Black "tptagain"]
[Result "1-0"]
[WhiteElo "3074"]
[BlackElo "2958"]
[TimeControl "180+1"]
[EndTime "15:49:40 PDT"]
[Termination "Bigfish1995 won on time"]

1. h3 d5 2. Nf3 Nc6 3. d4 Bf5 4.
a3 e6 5. e3 a6 6. c4 h6 7. Qb3 Nf6 8. Bd2 Rb8 9. Nc3 dxc4 10.
Bxc4 Bd6 11. Qa2 b5 12. Be2 O-O 13. O-O e5 14. dxe5 Nxe5 15. Nd4 Bd7 16. b4 c5 17.
bxc5 Bxc5 18. Rfd1 Qe7 19. Nd5 Qd6 20. Nxf6+ Qxf6 21. Bb4 Rfc8 22. Qd5 Bxb4 23. axb4 Rd8 24. Qe4 Bc8 25.
Qf4 Qxf4 26. exf4 Nc4 27. Nc6 Rxd1+ 28. Rxd1 Ra8 29. Bf3 Kh7 30. Ne7 Rb8 31. Rd8 Nb6 32. Bg4 Rb7 33. Nxc8 1-0

[Event "Late-Titled-Tuesday-Blitz-September-12-2023"]
[Site "Chess.com"]
[Date "2023.09.12"]
[Round "10"]
[White "pokochajszachy"]
[Black "PepeCuenca"]
[Result "0-1"]
[WhiteElo "2399"]
[BlackElo "2719"]
[TimeControl "180+1"]
[EndTime "15:49:43 PDT"]
[Termination "PepeCuenca won by resignation"]

1. d4 d6 2. Nf3 Nf6 3. c4 g6 4.
Nc3 Bg7 5. e4 O-O 6. Be2 Bg4 7. Nd2 Bxe2 8. Qxe2 Nc6 9. Nf3 Nd7 10.
Be3 e5 11. Qd2 f5 12. Bg5 Qe8 13. dxe5 Ndxe5 14. Nxe5 Nxe5 15. b3 fxe4 16. O-O Nf7 17. Be3 Qe5 18. Nb5 c6 19. Bd4 Qe7 20. Bxg7 Kxg7 21.
Qd4+ Qf6 22. Qxf6+ Kxf6 23. Nc3 Rfe8 24. Rae1 Kf5 25. f3 e3 26. Ne4 d5 27. cxd5 cxd5 28. Ng3+ Kf6 29. Rd1 e2 30. Nxe2 Rxe2 31. Rxd5 Rc8 32.
Rf2 Rc1+ 33. Rf1 Rcc2 0-1

[Event "Late-Titled-Tuesday-Blitz-September-12-2023"]
[Site "Chess.com"]
[Date "2023.09.12"]
[Round "10"]
[White "Garmendiarov"]
[Black "WPWPWP-2015"]
[Result "1-0"]
[WhiteElo "2371"]
[BlackElo "2513"]
[TimeControl "180+1"]
[EndTime "15:49:43 PDT"]
[Termination "Garmendiarov won by checkmate"]

1. e4 c5 2. Nf3 d6 3. d4 cxd4 4.
Nxd4 Nf6 5. Nc3 a6 6. Rg1 e6 7. g4 h5 8. g5 Ng4 9. h3 Ne5 10. Be2 g6 11. Be3 Bg7 12. Qd2 Nbc6 13. O-O-O Qc7 14. f4 Nd7 15. Nxc6 Qxc6 16. Qxd6 Qxd6 17.
Rxd6 Bf8 18. Rd2 Bb4 19. Bd4 O-O 20. a4 Re8 21. e5 b5 22. Bf3 Rb8 23. Ba7 Bxc3 24.
bxc3 bxa4 25. Bxb8 Nxb8 26. Rgd1 Kf8 27. Rd8 Ke7 28. Rxe8+ Kxe8 29. Kb2 Bd7 30. Rd6 Bb5 31. Ka3 Ke7 32. Kb4 Be8 33. c4 a5+ 34. Ka3 Nd7 35.
Bc6 Nc5 36. Bxe8 Kxe8 37. Rc6 Ne4 38. Kxa4 Nc3+ 39. Kxa5 Ne2 40. c5 Nxf4 41. Rd6 Nxh3 42.
c6 Nxg5 43. c7 Kf8 44. c8=Q+ Kg7 45. Qd8 Nh7 46. Rd7 h4 47. Qe7 Kh6 48. Qxh4+ Kg7 49. Qe7 Kh6 50. Qxf7 Ng5 51. Qf4 Kh5 52. Rd8 Nh7 53. Rh8 g5 54. Rxh7+ Kg6 55. Qf7# 1-0

[Event "Late-Titled-Tuesday-Blitz-September-12-2023"]
[Site "Chess.com"]
[Date "2023.09.12"]
[Round "10"]
[White "Ali_rastbod"]
[Black "AndreiITrifan"]
[Result "0-1"]
[WhiteElo "2706"]
[BlackElo "2669"]
[TimeControl "180+1"]
[EndTime "15:49:45 PDT"]
[Termination "AndreiITrifan won by resignation"]

1. e4 e5 2. Nf3 Nc6 3. Nc3 Nf6 4. h3 Bb4 5. Bd3 d6 6. Ne2 h6 7. Ng3 a6 8. c3 Bc5 9. Bc2 Ba7 10. a3 Qe7 11.
O-O g5 12. d4 g4 13. Nh4 exd4 14. Ngf5 Qe5 15. f4 gxf3 16. Nxf3 dxc3+ 17. Kh1 cxb2 18. Nxe5 bxa1=Q 19. Nxc6 bxc6 20. Nxd6+ cxd6 21. Qxd6 Bd7 22. e5 Bb8 23. Qb4 Bxe5 24. Bd3 Qd4 25. Qb3 Rb8 26.
Qc2 Qc3 27. Qd1 Be6 28. Be3 Rd8 29. Qa4 Rxd3 0-1

[Event "Late-Titled-Tuesday-Blitz-September-12-2023"]
[Site "Chess.com"]
[Date "2023.09.12"]
[Round "10"]
[White "RIPOL"]
[Black "ZuraTqebuchava"]
[Result "1-0"]
[WhiteElo "2474"]
[BlackElo "2281"]
[TimeControl "180+1"]
[EndTime "15:49:49 PDT"]
[Termination "RIPOL won on time"]

1. d4 d5 2. c4 e6 3. Nc3 Nf6 4. cxd5 exd5 5. Bg5 Be7 6. e3 O-O 7. Bd3 h6 8. Bh4 c6 9. Nge2 Re8 10. Qc2 Nbd7 11. f3 Nf8 12. O-O N6d7 13. Bf2 Bh4 14. e4 Bxf2+ 15. Rxf2 dxe4 16. fxe4 Nf6 17. h3 Ne6 18. e5 Nd5 19. Ne4 Qb6 20. Nd6 Rf8 21. Bh7+ Kh8 22. Nxf7+ Rxf7 23. Rxf7 Qb4 24. a3 Qa5 25. Raf1 Qd8 26. Qe4 b6 27. Bf5 Ng5 28. Qg4 Nxf7 29. Bxc8 Ne3 30. Qg6 Nxf1 31. Bf5 Kg8 32.
e6 Qf6 33. Qh7+ Kf8 34. exf7 Qxf7 35. Kxf1 1-0

[Event "Late-Titled-Tuesday-Blitz-September-12-2023"]
[Site "Chess.com"]
[Date "2023.09.12"]
[Round "10"]
[White "HajiyevKanan"]
[Black "Qvalda"]
[Result "1/2-1/2"]
[WhiteElo "2499"]
[BlackElo "2366"]
[TimeControl "180+1"]
[EndTime "15:49:55 PDT"]
[Termination "Game drawn by repetition"]

1. d4 Nf6 2. Nf3 e6 3. c4 b6 4. a3 Bb7 5. Nc3 d5 6. cxd5 Nxd5 7. Qa4+ Bc6 8. Qc2 Be7 9. g3 Nxc3 10. Qxc3 Bb7 11.
Bg2 O-O 12. O-O Bf6 13. Rd1 c5 14. Qc2 Qe7 15. dxc5 bxc5 16. Be3 Nd7 17. Ng5 Bxg5 18. Bxg5 Qxg5 19. Bxb7 Rad8 20. Qd2 Qxd2 21. Rxd2 Nb6 22. Rad1 Rxd2 23. Rxd2 Rb8 24. Ba6 Kf8 25. f4 Ke7 26.
e4 Na4 27. Rc2 Rxb2 28. Rc4 Nb6 29. Rxc5 Kd6 30. Rc3 Rd2 31. e5+ Kd5 32. Rc7 Ke4 33. Rxf7 Kf3 34. Bb7+ Nd5 35. Bxd5+ Rxd5 36. h4 Rd1+ 37.
Kh2 Rd2+ 38. Kh3 Rd1 39. Kh2 Rd2+ 40. Kh3 Rd1 41. Kh2 1/2-1/2

[Event "Late-Titled-Tuesday-Blitz-September-12-2023"]
[Site "Chess.com"]
[Date "2023.09.12"]
[Round "10"]
[White "infinitegiantkiller"]
[Black "petr577"]
[Result "0-1"]
[WhiteElo "2443"]
[BlackElo "2348"]
[TimeControl "180+1"]
[EndTime "15:49:56 PDT"]
[Termination "petr577 won by resignation"]

1. Nf3 Nf6 2. g3 g6 3. Bg2 Bg7 4. O-O O-O 5. b3 d6 6. Bb2 Nbd7 7. d4 Re8 8. d5 a5 9. a3 a4 10. b4 Nb6 11. Ne1 Nc4 12. Bc3 b5 13. Nd2 Nxd2 14.
Qxd2 Bb7 15. e4 c6 16. dxc6 Bxc6 17. f3 Rc8 18. Nd3 Qb6+ 19. Nf2 Rc7 20. Bd4 Qb7 21. Rac1 Rec8 22. Nd3 Nxe4 23. fxe4 Bxd4+ 24. Kh1 Bxe4 25. Nf4 Bxg2+ 26. Nxg2 Be5 27. Qf2 f6 28. h4 Qe4 29.
Rce1 Qg4 30. Kh2 Rxc2 31. Qe3 Qxh4+ 32. Kg1 Qxg3 33. Qxg3 Bxg3 34. Rxe7 R8c7 35. Re8+ Kf7 36. Rh8 Ke6 37. Rb8 h5 38. Rxb5 h4 39. Nf4+ Bxf4 40.
Rxf4 h3 41. Re4+ Kf7 42. Rd5 Rg2+ 43. Kf1 Rc1+ 44. Re1 Rxe1+ 45. Kxe1 h2 0-1

[Event "Late-Titled-Tuesday-Blitz-September-12-2023"]
[Site "Chess.com"]
[Date "2023.09.12"]
[Round "10"]
[White "PawnEatingZombie"]
[Black "fyall777"]
[Result "1-0"]
[WhiteElo "2210"]
[BlackElo "2567"]
[TimeControl "180+1"]
[EndTime "15:49:58 PDT"]
[Termination "PawnEatingZombie won by checkmate"]

1. e4 c6 2. d4 d5 3. exd5 cxd5 4.
Nf3 Nc6 5. c3 Nf6 6. Be3 Bg4 7.
Nbd2 e6 8. h3 Bh5 9. g4 Bg6 10.
Nh4 Bd6 11. Nxg6 hxg6 12. Qf3 e5 13. Nb3 e4 14. Qg2 a5 15. a4 Qb6 16. Bb5 Nd7 17.
f3 Na7 18. Bxd7+ Kxd7 19. Nd2 Qxb2 20. Rb1 Qxc3 21. Rb3 exf3 22. Qxf3 Qa1+ 23. Ke2 Qxa4 24. Qxf7+ Kc8 25. Qxb7+ Kd8 26. Qxa8+ Nc8 27. Qxd5 Re8 28. Rc1 Qd7 29. Ne4 Bb4 30. Rxc8+ Kxc8 31. Qa8+ Kc7 32.
Qa7+ Kd8 33. Qxd7+ Kxd7 34. Nc5+ Kc6 35. Kd3 Kb5 36. Rb1 Rf8 37. Ne4 Rf3 38. Rc1 Rxh3 39. Rc7 Ka4 40. Rxg7 Kb3 41. Rxg6 a4 42. Ra6 a3 43.
Nc5+ Bxc5 44. dxc5 a2 45. c6 Rh7 46. Bf4 Rh3+ 47.
Ke4 Kb2 48. c7 Kb1 49. c8=Q Rb3 50. Qe6 Rb4+ 51. Kf5 Rb5+ 52. Be5 Rb2 53. Qxa2+ Rxa2 54. Rxa2 Kxa2 55. g5 Kb3 56. g6 Kc4 57. g7 Kd5 58. g8=Q+ Kc5 59. Qe6 Kb4 60. Qd6+ Kc4 61. Qc7+ Kd3 62. Qc3+ Ke2 63. Ke4 Kf1 64. Qb2 Ke1 65. Ke3 Kd1 66. Qd2# 1-0

[Event "Late-Titled-Tuesday-Blitz-September-12-2023"]
[Site "Chess.com"]
[Date "2023.09.12"]
[Round "10"]
[White "sergiochess83"]
[Black "mishanick"]
[Result "0-1"]
[WhiteElo "2930"]
[BlackElo "3067"]
[TimeControl "180+1"]
[EndTime "15:49:59 PDT"]
[Termination "mishanick won on time"]

1. d4 Nf6 2. c4 e6 3. Nf3 d5 4.
g3 Be7 5. Bg2 O-O 6. O-O dxc4 7.
Qc2 a6 8. a4 Bd7 9. Qxc4 b5 10.
Qc2 Nc6 11. axb5 Nb4 12. Qb3 Bxb5 13. Nc3 Bc6 14. Bg5 Rb8 15. Qc4 h6 16. Bxf6 Bxf6 17.
e3 Qd6 18. Rfc1 Rfc8 19. Nd2 Bd5 20. Nxd5 exd5 21. Qe2 c5 22. Rxc5 Rxc5 23. dxc5 Qxc5 24.
Rb1 Qc2 25. Qd1 Qxd1+ 26. Rxd1 Bxb2 27. Nb3 Rb6 28. Na5 Rb5 29. Nb3 g6 30. Bf1 Rb6 31.
h4 h5 32. Nc5 Rc6 33. Nd3 Nxd3 34. Rxd3 a5 35. Rxd5 a4 36. Ra5 a3 37. Bg2 Rd6 38. Be4 Rd2 39. Ra7 Bc1 0-1

[Event "Late-Titled-Tuesday-Blitz-September-12-2023"]
[Site "Chess.com"]
[Date "2023.09.12"]
[Round "10"]
[White "CarlosjPineror"]
[Black "SCIM"]
[Result "1-0"]
[WhiteElo "2456"]
[BlackElo "2560"]
[TimeControl "180+1"]
[EndTime "15:49:59 PDT"]
[Termination "CarlosjPineror won by checkmate"]

1. d4 d5 2. c4 c6 3. cxd5 cxd5 4. Nc3 Nf6 5. Bf4 Nc6 6. e3 a6 7. Nf3 Bg4 8. Qb3 Na5 9. Qc2 Bxf3 10. gxf3 e6 11. Bd3 Nc6 12. a3 Bd6 13. Bg5 h6 14.
Bh4 Rc8 15. f4 b5 16. Rg1 Kf8 17. Qe2 Qa5 18. Kf1 b4 19. Nd1 bxa3 20. bxa3 Ne4 21. f3 Nd2+ 22. Kg2 Bxf4 23. exf4 Nxd4 24. Qe5 N2xf3 25.
Qd6+ Kg8 26. Bf2 Nxg1 27. Kxg1 Nf3+ 28. Kg2 Qd2 29. Ne3 Nh4+ 30. Kg3 Qxd3 31. Kxh4 Qe2 32. Kg3 g5 33. Re1 Qh5 34. f5 exf5 35. Nxf5 Rc3+ 36. Be3 Kh7 37. Qf6 Rxe3+ 38. Rxe3 Rg8 39. Re7 Rf8 40. Qg7# 1-0

[Event "Late-Titled-Tuesday-Blitz-September-12-2023"]
[Site "Chess.com"]
[Date "2023.09.12"]
[Round "10"]
[White "rasmussvane"]
[Black "Zkid"]
[Result "0-1"]
[WhiteElo "2999"]
[BlackElo "2957"]
[TimeControl "180+1"]
[EndTime "15:50:01 PDT"]
[Termination "Zkid won on time"]

1. Nf3 d5 2. g3 Nf6 3. Bg2 c6 4. O-O Bg4 5. h3 Bh5 6. d4 Nbd7 7. c4 e6 8. cxd5 exd5 9. Ne5 Bd6 10. f4 h6 11. g4 Bg6 12. Nxg6 fxg6 13. Qd3 Kf7 14.
g5 Nh5 15. f5 Rf8 16. gxh6 Qh4 17. hxg7 Kxg7 18. Bd2 Ng3 19. Be1 Qg5 20. Bxg3 Bxg3 21.
Nd2 Rae8 22. Kh1 Re3 23. Nf3 Qe7 24. Qd1 Rxf5 25. Ng1 Bc7 26. Rxf5 gxf5 27. Nf3 Nf6 28. Qg1 Nh5 29. Ne5 Ng3+ 30. Kh2 Bxe5 31. dxe5 Qxe5 32. Bf3 f4 33. Kg2 Nxe2 34. Qf2 Nd4 0-1

[Event "Late-Titled-Tuesday-Blitz-September-12-2023"]
[Site "Chess.com"]
[Date "2023.09.12"]
[Round "10"]
[White "Lennis93"]
[Black "kacprekt"]
[Result "1-0"]
[WhiteElo "2719"]
[BlackElo "2525"]
[TimeControl "180+1"]
[EndTime "15:50:01 PDT"]
[Termination "Lennis93 won by resignation"]

1. Nf3 g6 2. e4 Bg7 3. d4 d6 4. Nc3 a6 5. a4 Nc6 6. h3 Nf6 7. Be3 O-O 8. Be2 e5 9. d5 Nb4 10.
g4 c6 11. a5 cxd5 12. Bb6 Qe7 13. exd5 e4 14. Nh2 Nd7 15. Ra4 Nxb6 16. Rxb4 Nd7 17. Nxe4 f5 18. gxf5 gxf5 19. Nc3 Ne5 20. O-O f4 21.
Bg4 f3 22. Bxc8 Raxc8 23. Kh1 Nc4 24. Rg1 Kh8 25. Ng4 Nxb2 26. Rxb2 Rxc3 27. Rb3 Qe2 28.
Re1 Qxc2 29. Qxc2 Rxc2 30. Rxb7 h5 31. Ree7 Rg8 32. Nf6 Rxf2 33. Nxg8 Rf1+ 34. Kh2 Be5+ 35. Rxe5 dxe5 36. Nf6 Rf2+ 37. Kg3 Rg2+ 38. Kxf3 Rg7 39. Rb8+ 1-0

[Event "Late-Titled-Tuesday-Blitz-September-12-2023"]
[Site "Chess.com"]
[Date "2023.09.12"]
[Round "10"]
[White "FairChess_on_YouTube"]
[Black "Hikaru"]
[Result "1-0"]
[WhiteElo "3090"]
[BlackElo "3200"]
[TimeControl "180+1"]
[EndTime "15:50:05 PDT"]
[Termination "FairChess_on_YouTube won by resignation"]

1. d4 g6 2. Nf3 Bg7 3. c4 d6 4. Nc3 Nc6 5. d5 Ne5 6. Nxe5 Bxe5 7. e4 Nf6 8. Bd3 e6 9. O-O Nd7 10. f4 Bd4+ 11. Kh1 O-O 12. Bc2 Bg7 13. Be3 Re8 14.
Qd2 exd5 15. cxd5 Nb6 16. Bd4 Bd7 17. Rae1 Nc4 18. Qf2 f6 19. Bb3 Na5 20. Bd1 c5 21. dxc6 Nxc6 22. Bb3+ Kh8 23. Be3 Na5 24. Bd5 Be6 25.
Bxe6 Rxe6 26. f5 Re8 27. fxg6 hxg6 28. Bd4 Re6 29. Nd5 Nc6 30. Qh4+ Kg8 31. Nxf6+ Bxf6 32. Bxf6 Rxf6 33. Qxf6 Ne5 34. Qe6+ Kg7 35. Rd1 Qg5 36. Qxd6 Re8 37. Qc7+ Re7 38. Qd8 Nf7 39. Qd4+ Qe5 40.
Qxe5+ Nxe5 41. b3 Ng4 42. Rde1 Ne5 43. h3 g5 44. Rd1 g4 45. Kh2 gxh3 46. Kxh3 Ng6 47.
Kg3 Rc7 48. Rc1 Re7 49. Rc5 b6 50. Rd5 a5 51. Re1 Ne5 52. Kf4 Ng6+ 53. Ke3 Rc7 54. e5 Rc2 55. Rd7+ Kh6 56. e6 Rc8 57. e7 Kg5 58.
Kd4 1-0

[Event "Late-Titled-Tuesday-Blitz-September-12-2023"]
[Site "Chess.com"]
[Date "2023.09.12"]
[Round "10"]
[White "ChristopherYoo"]
[Black "Arystanner"]
[Result "0-1"]
[WhiteElo "2999"]
[BlackElo "2851"]
[TimeControl "180+1"]
[EndTime "15:50:05 PDT"]
[Termination "Arystanner won by checkmate"]

1. e4 c5 2. Nf3 e6 3. b3 a6 4. Bb2 d5 5. exd5 exd5 6. Qe2+ Be6 7. g3 Nc6 8. Bh3 Qe7 9. Bxe6 Qxe6 10. Qxe6+ fxe6 11. O-O Nf6 12. Re1 Kd7 13. Nc3 Re8 14. Na4 Bd6 15. c4 Nb4 16. Ne5+ Bxe5 17. Bxe5 Nc2 18. Nxc5+ Kc6 19. d4 Nxa1 20. Rxa1 dxc4 21. bxc4 Rhg8 22. Nb3 Nd7 23. Bf4 e5 24. d5+ Kd6 25.
Bd2 e4 26. Bb4+ Kc7 27. c5 Ne5 28. Ba5+ Kd7 29. Rb1 Rc8 30. Bc3 Nf3+ 31. Kg2 g5 32. Bb4 Rg6 33. Na5 Rh6 34. h3 g4 35. h4 Rh5 36.
Rd1 Kc7 37. d6+ Kd7 38. Nxb7 Rb8 39. c6+ Kxc6 40. d7 Kxb7 41. d8=Q Rxd8 42. Rxd8 Rb5 43. a3 a5 44. Rd7+ Kc6 45. Rxh7 axb4 46. axb4 Rxb4 47. Kf1 Rb1+ 48. Ke2 Re1# 0-1

[Event "Late-Titled-Tuesday-Blitz-September-12-2023"]
[Site "Chess.com"]
[Date "2023.09.12"]
[Round "10"]
[White "chessajedrezz2020"]
[Black "talaicito"]
[Result "1-0"]
[WhiteElo "2699"]
[BlackElo "2185"]
[TimeControl "180+1"]
[EndTime "15:50:06 PDT"]
[Termination "chessajedrezz2020 won on time"]

1. Nf3 c5 2. g3 Nc6 3. Bg2 g6 4. O-O Bg7 5. c4 d6 6. Nc3 e5 7. e3 Nge7 8. d4 O-O 9. dxc5 dxc5 10. Nd5 Be6 11. Ng5 Bc8 12. Ne4 b6 13. Nef6+ Bxf6 14. Nxf6+ Kg7 15. Nd5 Bb7 16. b3 Qd6 17. Bb2 f6 18. f4 Rad8 19. Qe1 Nxd5 20. Bxd5 Qe7 21. Qc3 exf4 22. exf4 Nd4 23. Rae1 Qd7 24. Bxb7 Qxb7 25. Qe3 Rfe8 26. Qxe8 Rxe8 27. Rxe8 Nf3+ 28. Kf2 Nd2 29. Rfe1 Qf3+ 30. Kg1 Qd3 31. R8e7+ Kh6 32. R7e3 Nf3+ 33. Rxf3 Qxf3 34. Bxf6 Qd3 35. Kf2 Kh5 36. h3 Qd2+ 37.
Re2 1-0